 Dungeon Crawl Stone Soup version 0.25.0-9-g26727b657a (webtiles) character file.

Game seed: 7890167807701256193

66821 Exodus22XD the Spear-Bearer (level 14, -17/113 HPs)
             Began as a Demonspawn Gladiator on June 20, 2020.
             Was a Believer of Uskayaw.
             Killed from afar by a shock serpent (22 damage)
             ... with a bolt of electricity
             ... on level 1 of the Snake Pit.
             The game lasted 00:54:00 (18392 turns).

Exodus22XD the Spear-Bearer (Demonspawn Gladiator) Turns: 18392, Time: 00:54:00

Health: -17/113    AC: 22    Str: 25    XL:     14   Next: 80%
Magic:  0/24       EV: 14    Int:  9    God:    Uskayaw [**....]
Gold:   1245       SH:  0    Dex: 26    Spells: 13/13 levels left

rFire    + . .     SeeInvis .   U - +2 trident (venom)
rCold    . . .     Gourm    .   (no shield)
rNeg     . . .     Faith    .   c - +4 scale mail of Mysticism {Dex+4}
rPois    +         Spirit   +   B - +2 helmet
rElec    .         Reflect  .   r - +0 cloak
rCorr    .         Harm     .   A - +0 pair of gloves
MR       +....                  (no boots)
Stlth    ++........             n - amulet of regeneration
HPRegen  0.68/turn              u - +6 ring of strength
MPRegen  0.38/turn              x - +6 ring of dexterity

@: constricted
A: talons 1, slimy green scales 3, fire resistance 1, magic shield, magic
regeneration, flame cloud immunity
a: Stomp, Line Pass, Renounce Religion


You were on level 1 of the Snake Pit.
You worshipped Uskayaw.
Uskayaw was pleased with you.
You were hungry.

You visited 4 branches of the dungeon, and saw 20 of its levels.
You also visited: Volcano.

You collected 1245 gold pieces.

Inventory:

Hand Weapons
 L - the +9 broad axe "Ygeo" {venom, Str+5 Int-3 SInv}
   (You found it on level 6 of the Lair of Beasts)

   It poisons the flesh of those it strikes.
   It affects your strength (+5).
   It affects your intelligence (-3).
   It lets you see invisible.
 U - a +2 trident of venom (weapon)
 X - a +2 halberd of flaming
Missiles
 d - 11 throwing nets (quivered)
Armour
 c - the +4 scale mail of Mysticism (worn) {Dex+4}
   (You found it on level 6 of the Dungeon)

   It affects your dexterity (+4).
 r - a +0 cloak (worn)
 A - a +0 pair of gloves (worn)
 B - a +2 helmet (worn)
 Y - a +1 chain mail of fire resistance
Jewellery
 n - an amulet of regeneration (around neck)
 u - a +6 ring of strength (left hand)
 x - a +6 ring of dexterity (right hand)
 z - an uncursed ring of fire
 C - an uncursed ring of see invisible
 S - an uncursed amulet of reflection {unknown}
 Z - an uncursed ring of ice
Wands
 m - a wand of flame (49)
 y - a wand of polymorph (16)
 D - a wand of enslavement (7)
 E - a wand of digging (6)
 J - a wand of paralysis (5)
 R - a wand of acid (6)
 W - a wand of iceblast (11)
Scrolls
 a - 4 scrolls of teleportation
 h - 7 scrolls of remove curse
 j - 7 scrolls of amnesia
 k - 3 scrolls of enchant armour
 o - a scroll of vulnerability
 p - a scroll of fog
 v - 2 scrolls of fear
 F - 4 scrolls of magic mapping
 G - a scroll of random uselessness {unknown}
 I - 2 scrolls of brand weapon {unknown}
 M - 2 scrolls of immolation {unknown}
 N - 4 scrolls of enchant weapon
 O - a scroll of torment {unknown}
Potions
 b - 6 potions of curing
 e - 4 potions of mutation
 i - 3 potions of flight
 l - 4 potions of magic
 q - 4 potions of haste
 s - 3 potions of berserk rage
 t - 5 potions of brilliance
 w - 4 potions of lignification
 P - 3 potions of ambrosia
 Q - 3 potions of might {unknown}
 T - a potion of resistance {unknown}
Comestibles
 f - 42 rations


   Skills:
 + Level 11.4 Fighting
 - Level 2.1(9.9) Axes
 + Level 14.5(14.6) Polearms
 - Level 2.1 Throwing
 + Level 9.2 Armour
 + Level 7.4 Dodging
 + Level 5.5 Stealth
 * Level 14.5 Invocations


You had 13 spell levels left.
You didn't know any spells.
Your spell library contained the following spells:

 Spells                   Type           Power        Failure   Level  Hunger
 Animate Skeleton         Necr           N/A          63%         1    ##.....
 Beastly Appendage        Tmut           #.....       63%         1    ##.....
 Freeze                   Ice            #...         63%         1    ##.....
 Magic Dart               Conj           #...         63%         1    ##.....
 Pain                     Necr           #...         63%         1    ##.....
 Sandblast                Erth           #.....       63%         1    ##.....
 Shock                    Conj/Air       #...         63%         1    ##.....
 Summon Butterflies       Summ           #.......     63%         1    ##.....
 Blink                    Tloc           N/A          77%         2    ###....
 Call Imp                 Summ           #.......     77%         2    ###....
 Passwall                 Tmut/Erth      #.......     77%         2    ###....
 Searing Ray              Conj           #.....       77%         2    ###....
 Slow                     Hex            #.......     77%         2    ###....
 Sticks to Snakes         Tmut           #.......     77%         2    ###....
 Swiftness                Chrm/Air       #.......     77%         2    ###....
 Call Canine Familiar     Summ           #.......     94%         3    ####...
 Conjure Flame            Conj/Fire      #.......     94%         3    ####...
 Dazzling Flash           Conj/Hex       #.....       94%         3    ####...
 Frozen Ramparts          Ice            #.....       94%         3    ####...
 Mephitic Cloud           Conj/Pois/Air  #.......     94%         3    ####...
 Ozocubu's Armour         Chrm/Ice       #.......     94%         3    ####...
 Spider Form              Tmut/Pois      #.........   94%         3    ####...
 Static Discharge         Conj/Air       #.......     94%         3    ####...
 Stone Arrow              Conj/Erth      #.....       94%         3    ####...
 Vampiric Draining        Necr           #.........   94%         3    ####...
 Airstrike                Air            #.........   100%        4    #####..
 Animate Dead             Necr           N/A          100%        4    #####..
 Cause Fear               Hex            #.........   100%        4    #####..
 Fulminant Prism          Conj/Hex       #.........   100%        4    #####..
 Hailstorm                Conj/Ice       #.......     100%        4    #####..
 Ice Form                 Ice/Tmut       #.......     100%        4    #####..
 Iskenderun's Mystic Bla  Conj/Tloc      #.......     100%        4    #####..
 Petrify                  Tmut/Erth      #.......     100%        4    #####..
 Summon Ice Beast         Ice/Summ       #.......     100%        4    #####..
 Agony                    Necr           #.......     100%        5    ######.
 Blade Hands              Tmut           #.........   100%        5    ######.
 Lee's Rapid Deconstruct  Erth           #.........   100%        5    ######.
 Lightning Bolt           Conj/Air       #.........   100%        5    ######.
 Metabolic Englaciation   Hex/Ice        #.........   100%        5    ######.
 Silence                  Hex/Air        #.........   100%        5    ######.
 Summon Mana Viper        Hex/Summ       #.......     100%        5    ######.
 Yara's Violent Unravell  Hex/Tmut       #.........   100%        5    ######.
 Summon Hydra             Summ           #.........   100%        7    #######
 Discord                  Hex            #.........   100%        8    #######


Dungeon Overview and Level Annotations

Branches:
Dungeon (12/15)            Temple (1/1) D:5            Lair (6/6) D:10
  Swamp (0/4) Lair:2        Snake (1/4) Lair:3        Slime (0/5) Lair:6
    Orc (0/2) D:12        Volcano (visited)

Altars:
Ashenzari
Cheibriados
Dithmenos
Elyvilon
Fedhas
Makhleb
Nemelex Xobeh
Okawaru
Ru
Uskayaw
Vehumet
Wu Jian
Yredelemnul
Zin
The Shining One
Jiyva

Shops:
D:6 *

Annotations:
D:8 3 runed translucent doors, coffeespoons's ghost, journeyman GrMo
D:10 2 transporters, Voldus's ghost, journeyman HOFi
Lair:1 exclusion: oklob plant


Innate Abilities, Weirdness & Mutations

You have sharp toenails.
You are completely covered in slimy green scales. (AC +4, rPois)
Your flesh is heat resistant. (rF+)
When hurt, damage is shared between your health and your magic reserves.
You regenerate magic rapidly.
You are immune to clouds of flame.


Message History

You can now pass through a line of other dancers.
You feel much better. The shock serpent bites you.
* * * LOW HITPOINT WARNING * * *
The shock serpent shocks you!
* * * LOW HITPOINT WARNING * * *
The naga hits you but does no damage. The naga constricts you.
As you read the scroll of fear, it crumbles to dust.
You assume a fearsome visage.
The shock serpent looks frightened!
The naga looks frightened!
You catch the helpless naga completely off-guard!
You hit the naga.
Your attack snaps the naga out of its fear.
Your kick misses the naga.
The naga is lightly wounded.
The naga hits you with a +0 long sword!
* * * LOW HITPOINT WARNING * * *
x2 The naga constricts you.
The shock serpent shoots out a bolt of lightning at you!
The bolt of electricity hits you!!
You die...

#...### #..# #..#
##....# #..# #..#
##.#.### #..# #..#
##....####..####..#####
##...).................
##...........?........
# ##...........#......$
## #########..####..###
<## #.@# ..# ..## #N%#
..# ...## ##.# .#
.#..##### #S# #.......#
... ##.....## ...
##....# .=. ######
#####


You could see a shock serpent (fleeing, very poisoned) and a naga (catching
breath).

Vanquished Creatures
  A dire elephant (Lair:6)
  Harold (D:9)
  Erolcha (D:9)
  3 hydras
  Fannar (D:10)
  A catoblepas (Lair:6)
  3 two-headed ogres
  A deep troll shaman (Lair:6)
  20 death yaks
  Urug (Lair:1)
  A naga sharpshooter (Snake:1)
  A hell knight (Volcano)
  A salamander mystic (Volcano)
  An unseen horror (D:12)
  A mana viper (Snake:1)
  4 salamanders (Volcano)
  A cyclops (D:11)
  A manticore (D:10)
  13 elephants
  7 black mambas
  2 molten gargoyles (Volcano)
  A gargoyle (D:12)
  A torpor snail (Lair:6)
  6 spiny frogs
  Maggie (D:6)
  6 komodo dragons
  A rime drake (Lair:4)
  3 trolls
  8 polar bears
  8 blink frogs (Lair:4)
  5 dream sheep (Lair:5)
  Grinder (D:4)
  8 hippogriffs
  A spriggan (Lair:4)
  4 wyverns
  33 yaks
  A wraith (D:11)
  A human (D:9)
  A basilisk (D:10)
  5 fire bats
  Grum (D:9)
  7 vampire mosquitoes (Lair:2)
  3 hungry ghosts
  4 nagas
  Edmund (D:4)
  Duvessa (D:4)
  23 water moccasins
  A swamp drake (D:12)
  7 porcupines
  7 orc warriors
  4 sky beasts (D:10)
  2 black bears
  2 ice beasts
  A necrophage (D:10)
  4 phantoms
  5 centaurs
  6 ogres
  19 wolves
  13 crocodiles
  A big kobold (D:8)
  15 bullfrogs
  Dowan (D:4)
  A wyvern skeleton (D:7)
  A water moccasin skeleton (D:8)
  5 scorpions
  11 killer bees
  A howler monkey (D:5)
  19 wights
  2 electric eels
  A bullfrog zombie (D:8)
  A centaur zombie (D:9)
  6 crimson imps
  4 jellies
  7 lava snakes (Volcano)
  2 quasits
  15 hounds
  9 orc wizards
  9 orc priests
  4 bullfrog skeletons
  2 gnoll shamans (D:7)
  3 centaur skeletons
  5 iguanas
  13 worker ants
  A hound zombie (D:7)
  2 hound skeletons
  A howler monkey zombie (D:10)
  6 worker ant zombies
  10 gnolls (D:7)
  12 adders
  5 shadow imps
  2 oozes
  An adder zombie (D:10)
  An adder skeleton (D:5)
  A worm (D:3)
  4 dart slugs
  6 leopard geckos
  61 orcs
  9 bats
  4 giant cockroaches
  10 goblins
  6 hobgoblins
  13 kobolds
  5 quokkas
  8 frilled lizards
  A jackal skeleton (D:7)
  A leopard gecko skeleton (D:9)
  A quokka skeleton (D:8)
  6 rats
  2 plants (Lair:6)
589 creatures vanquished.

Vanquished Creatures (others)
  10 fungi (Lair:6)
  11 plants
21 creatures vanquished.

Grand Total: 610 creatures vanquished

Notes
Turn   | Place    | Note
-------+----------+-------------------------------------------
     0 | D:1      | Exodus22XD the Demonspawn Gladiator began the quest for the
                  | Orb.
     0 | D:1      | Reached XP level 1. HP: 16/16 MP: 1/1
   150 | D:1      | Gained mutation: You are partially covered in slimy green
                  | scales. (AC +2) [demonic ancestry]
   150 | D:1      | Reached XP level 2. HP: 15/22 MP: 2/2
   772 | D:1      | Gained mutation: Your flesh is heat resistant. (rF+)
                  | [demonic ancestry]
   772 | D:1      | Reached XP level 3. HP: 27/27 MP: 3/3
  1743 | D:3      | Gained mutation: You have sharp toenails. [demonic
                  | ancestry]
  1743 | D:3      | Reached XP level 4. HP: 22/33 MP: 4/4
  2248 | D:3      | Found a basalt altar of Yredelemnul.
  2249 | D:3      | Found a shadowy altar of Dithmenos.
  2250 | D:3      | Found a shattered altar of Ashenzari.
  2331 | D:3      | Reached skill level 1 in Armour
  2449 | D:3      | Reached XP level 5. HP: 21/39 MP: 5/5
  2716 | D:4      | Noticed Edmund
  2843 | D:4      | Killed Edmund
  2843 | D:4      | Gained mutation: When hurt, damage is shared between your
                  | health and your magic reserves. [demonic ancestry]
  2843 | D:4      | Reached XP level 6. HP: 36/46 MP: 6/6
  2993 | D:4      | Noticed Grinder
  2994 | D:4      | Paralysed by Grinder for 2 turns
  3008 | D:4      | Killed Grinder
  3008 | D:4      | Reached skill level 5 in Polearms
  3011 | D:4      | Gained mutation: You regenerate magic rapidly. [demonic
                  | ancestry]
  3011 | D:4      | Reached XP level 7. HP: 42/51 MP: 4/7
  3129 | D:4      | Noticed Dowan
  3130 | D:4      | Noticed Duvessa
  3147 | D:4      | Killed Duvessa
  3151 | D:4      | Killed Dowan
  3492 | D:5      | Entered Level 5 of the Dungeon
  3647 | D:5      | Found a staircase to the Ecumenical Temple.
  3666 | Temple   | Entered the Ecumenical Temple
  3729 | Temple   | Became a worshipper of Uskayaw the Reveler
  3793 | D:5      | Reached * piety under Uskayaw
  3794 | D:5      | Reached skill level 1 in Stealth
  3822 | D:5      | Reached ** piety under Uskayaw
  3825 | D:5      | Reached *** piety under Uskayaw
  4109 | D:5      | Gained mutation: You are mostly covered in slimy green
                  | scales. (AC +3) [demonic ancestry]
  4109 | D:5      | Reached XP level 8. HP: 56/58 MP: 7/9
  4520 | D:6      | Found Lygipeal's Assorted Antiques.
  4537 | D:6      | Got a fading scale mail
  4548 | D:6      | Identified the +4 scale mail of Mysticism {Dex+4} (You
                  | found it on level 6 of the Dungeon)
  4834 | D:6      | Found a burning altar of Makhleb.
  4834 | D:6      | Noticed a blizzard demon
  4914 | D:6      | Reached **** piety under Uskayaw
  4999 | D:6      | Reached ***** piety under Uskayaw
  5022 | D:6      | Noticed Maggie
  5040 | D:6      | Killed Maggie
  5228 | D:7      | Reached XP level 9. HP: 42/66 MP: 7/12
  5235 | D:7      | Reached skill level 5 in Invocations
  5554 | D:7      | Reached skill level 5 in Fighting
  5787 | D:7      | Found an iron altar of Okawaru.
  6064 | D:8      | Reached XP level 10. HP: 74/74 MP: 15/15
  6075 | D:8      | Noticed a two-headed ogre
  6086 | D:8      | Killed a two-headed ogre
  6086 | D:8      | Reached skill level 5 in Armour
  6293 | D:8      | Reached skill level 10 in Polearms
  6406 | D:8      | Noticed coffeespoons's ghost (journeyman GrMo)
  6407 | D:8      | Found a runed translucent gate.
  6407 | D:8      | Found a runed translucent gate.
  6407 | D:8      | Found a runed translucent gate.
  6994 | D:9      | Noticed Grum
  7001 | D:9      | Noticed Harold
  7009 | D:9      | Reached skill level 5 in Dodging
  7011 | D:9      | Noticed a two-headed ogre
  7193 | D:9      | Killed a two-headed ogre
  7263 | D:9      | Killed Harold
  7263 | D:9      | Reached XP level 11. HP: 68/83 MP: 14/17
  7275 | D:9      | Reached ****** piety under Uskayaw
  7279 | D:9      | Noticed Erolcha
  7282 | D:9      | Killed Erolcha
  7315 | D:9      | Killed Grum
  7770 | D:10     | Entered Level 10 of the Dungeon
  7775 | D:10     | Noticed Fannar
  7804 | D:10     | Killed Fannar
  7899 | D:10     | Found a shadowy altar of Dithmenos.
  7964 | D:10     | Found a staircase to the Lair.
  8038 | D:10     | Found a transporter.
  8159 | D:10     | Reached skill level 10 in Invocations
  8239 | D:10     | Found a transporter.
  8372 | D:10     | Noticed Voldus's ghost (journeyman HOFi)
  9005 | D:11     | Reached skill level 1 in Axes
  9005 | D:11     | Gained mutation: You are completely covered in slimy green
                  | scales. (AC +4, rPois) [demonic ancestry]
  9005 | D:11     | Reached XP level 12. HP: 73/92 MP: 15/20
  9080 | D:11     | Noticed a two-headed ogre
  9087 | D:11     | Killed a two-headed ogre
 10253 | D:12     | Found a staircase to the Orcish Mines.
 10698 | Lair:1   | Entered Level 1 of the Lair of Beasts
 10834 | Lair:1   | Found a dark tunnel.
 10873 | Volcano  | Entered a volcano
 11156 | Volcano  | Found a radiant altar of Vehumet.
 11633 | Lair:1   | Found a shadowy altar of Dithmenos.
 11788 | Lair:1   | Noticed Urug
 11804 | Lair:1   | Killed Urug
 11943 | Lair:1   | Reached XP level 13. HP: 101/101 MP: 22/22
 13131 | Lair:2   | Found a staircase to the Swamp.
 13944 | Lair:3   | Found a staircase to the Snake Pit.
 14610 | Lair:4   | Reached skill level 10 in Fighting
 15140 | Lair:4   | Found the +8 whip "Snakebite" {curare, rPois}
 15695 | Lair:4   | Found the +9 staff of Wucad Mu {channel}
 15915 | Lair:5   | Gained mutation: You are immune to clouds of flame.
                  | [demonic ancestry]
 15915 | Lair:5   | Reached XP level 14. HP: 47/111 MP: 1/24
 16704 | Lair:6   | Entered Level 6 of the Lair of Beasts
 16704 | Lair:6   | Found a viscous altar of Jiyva.
 16704 | Lair:6   | Found a staircase to the Slime Pits.
 16749 | Lair:6   | Identified the Reference Book on Enthralling Conjuration
 17041 | Lair:6   | Got a slimy broad axe
 17042 | Lair:6   | Identified the +9 broad axe "Ygeo" {venom, Str+5 Int-3
                  | SInv} (You found it on level 6 of the Lair of Beasts)
 17623 | Lair:6   | Reached skill level 5 in Stealth
 18264 | Snake:1  | Entered Level 1 of the Snake Pit
 18392 | Snake:1  | HP: 5/113 [naga/+0 long sword (1)]
 18392 | Snake:1  | Killed from afar by a shock serpent

Illustrated notes

Levels and vault maps discovered:
D:1:      heliophobic_arrival_glass_houses, layout_loops_ring
D:2:      layout_loops_cross
D:3:      layout_loops_corners, grunt_temple_overflow_open
D:4:      layout_basic, uniq_grinder, uniq_edmund, uniq_duvessa
D:5:      layout_loops_corners, minmay_temple_entry_proselytizer, first_ration
D:6:      layout_basic, serial_shops, shop_fountains, makhleb_altar_promises_db,
          uniq_maggie
D:7:      layout_rooms, okawaru_trees_2, minmay_crystal_water, minmay_between
D:8:      minmay_distorted_concentric_squares, layout_loops_ring,
          gammafunk_ghost_split
D:9:      layout_long_grid, grunt_pizzeria, uniq_harold, uniq_erolcha, uniq_grum
D:10:     minmay_octagon_keep, layout_irregular_city, david_lair_generic,
          gammafunk_ghost_mausoleum, nicolae_dithmenos_through_a_glass_darkly,
          uniq_fannar
D:11:     layout_irregular_city
D:12:     layout_cave_pools, erik_orc_1, serial_rivers,
          chequers_serial_rivers_small_a, chequers_serial_rivers_small_b,
          chequers_serial_rivers_micro_d, chequers_serial_rivers_small_a,
          chequers_serial_rivers_large_a
Temple:   regret_index_temple_mists
Lair:1:   layout_hall_layers, nicolae_volcano_entry_batcave, lemuel_oklob_altar,
          uniq_urug
Lair:2:   statuecave_lemuel, layout_chaotic_city, minmay_swamp_entry_swarm
Lair:3:   beast_lair_carwin_large_3, layout_layer_cave,
          guppyfry_snake_entry_island, ldierk_geyser, bh_autumn_forest_stairs
Lair:4:   minmay_guarded_unrand_snakebite, layout_cave_pods,
          grunt_forest_large_clearing_hut
Lair:5:   layout_regular_city, grunt_megastairs_2, infiniplex_staircase_pool_2
Lair:6:   grunt_lair_end_beastmaster, layout_loops_ring, slime_altar_1,
          cheibrodos_lair_lostbears
Snake:1:  layout_concentric_octagons, grunt_megastairs_4

Skill      XL: |  1  2  3  4  5  6  7  8  9 10 11 12 13 14 |
---------------+-------------------------------------------+-----
Throwing       | 2 |  2.1
Dodging        | 3 4 5 6 7 |  7.4
Polearms       | 3 4 5 6 8 9 10 12 13 14 | 14.5
Armour         | 1 2 3 4 5 6 7 8 9 |  9.2
Fighting       | 3 4 5 6 7 9 10 11 | 11.4
Stealth        | 1 5 |  5.5
Invocations    | 2 4 6 8 10 12 13 14 | 14.5
Axes           | 1 2 |  2.1

Action                   |  1- 3 |  4- 6 |  7- 9 | 10-12 | 13-15 || total
-------------------------+-------+-------+-------+-------+-------++-------
Melee: Trident           |   154 |   159 |   435 |   834 |   790 ||  2372
       Kick              |       |    55 |   179 |   391 |   376 ||  1001
       War axe           |       |       |       |    24 |    24 ||    48
       Broad axe         |       |       |       |       |    10 ||    10
Invok: Grand Finale      |       |       |       |     1 |       ||     1
       Line Pass         |       |       |       |     1 |     3 ||     4
       Stomp             |       |       |       |       |     2 ||     2
  Use: Scroll            |     1 |       |    10 |    10 |     9 ||    30
       Potion            |       |       |       |     1 |     5 ||     6
 Stab: Sleeping          |     6 |       |       |       |     1 ||     7
       Paralysed         |       |       |    24 |    92 |    76 ||   192
       Confused          |       |       |       |     3 |     1 ||     4
       Petrified         |       |       |       |       |     8 ||     8
       Fleeing           |       |       |       |       |     1 ||     1
  Eat: Chunk             |     2 |     5 |    12 |    23 |    18 ||    60
       Ration            |       |       |       |       |     1 ||     1
Armor: Leather armour    |    41 |       |       |       |       ||    41
       Ring mail         |       |    19 |       |       |       ||    19
       Scale mail        |       |    51 |   131 |   297 |   253 ||   732
Dodge: Dodged            |   102 |   106 |   234 |   452 |   331 ||  1225
